 Dungeon Crawl Stone Soup version 0.28.0 (webtiles) character file.

Game seed: 11196075348397756331

96 SnakkuSnakku7 the Insei (level 4, -4/30 HPs)
             Began as a Vampire Fire Elementalist on Feb 14, 2022.
             Killed from afar by Natasha (7 damage)
             ... with a magic dart
             ... on level 2 of the Dungeon.
             The game lasted 00:02:32 (1338 turns).

SnakkuSnakku7 the Insei (Vampire Fire Elementalist) Turns: 1338, Time: 00:02:32

Health: -4/30      AC:  6    Str:  6 (9)  XL:     4   Next: 41%
Magic:  0/7        EV: 11    Int: 15 (17) God:
Gold:   61         SH:  0    Dex: 11 (14) Spells: 6/7 levels left

rFire   . . .      SeeInvis +     - Unarmed
rCold   . . .      Faith    .   (no shield)
rNeg    . . .      Spirit   .   i - +0 leather armour
rPois   .          Reflect  .   (no helmet)
rElec   .          Harm     .   g - +2 cloak
rCorr   +          Rampage  .   (no gloves)
Will    .....                   (no boots)
Stlth   ++........              (no amulet)
HPRegen 0.30/turn               f - ring of resist corrosion
MPRegen 0.10/turn               (no ring)

@: very slightly contaminated, healing quickly, slowed, very slow
A: alive, fangs 3, see invisible, vampiric 2
a: Exsanguinate


You were on level 2 of the Dungeon.
You visited 1 branch of the dungeon, and saw 2 of its levels.

You collected 61 gold pieces.

Inventory:

Missiles
 b - 4 poisoned darts
Armour
 a - a +0 robe
 g - a +2 cloak (worn)
 i - a +0 leather armour (worn)
 j - a +0 ring mail
Jewellery
 f - a ring of resist corrosion (left hand)
 k - a ring of poison resistance
Scrolls
 d - a scroll of enchant weapon {unknown}
 e - a scroll of teleportation {unknown}
 h - a scroll of blinking {unknown}
Potions
 c - a potion of degeneration


   Skills:
 - Level 2.0 Throwing
 - Level 2.1 Dodging
 - Level 3.0 Stealth
 + Level 3.4 Unarmed Combat
 - Level 2.0 Spellcasting
 - Level 0.6 Conjurations
 - Level 2.4 Fire Magic


You had 6 spell levels left.
You knew the following spells:

 Your Spells              Type           Power      Damage    Failure   Level
a - Foxfire               Conj/Fire      24%        2x1d5     19%         1

Your spell library contained the following spells:

 Spells                   Type           Power      Damage    Failure   Level
 Scorch                   Fire           16%        2d5       21%         2
 Conjure Flame            Conj/Fire      6%         6-21      50%         3
 Inner Flame              Hex/Fire       5%         N/A       54%         3
 Flame Wave               Conj/Fire      6%         2d5       88%         4


Dungeon Overview and Level Annotations

Branches:
Dungeon (2/15)

Altars:

Annotations:
D:2 Natasha


Innate Abilities, Weirdness & Mutations

Your natural rate of healing is accelerated.
You have razor-sharp teeth.
You have supernaturally acute eyesight. (SInv)
You are afflicted with vampirism and can become a bat while bloodless.


Message History

* * * LOW HITPOINT WARNING * * *
The crimson imp hits you but does no damage.
You don't have enough magic to cast this spell.
Unknown command.
Unknown command.
Natasha casts a spell at you. The magic dart hits you.
* * * LOW HITPOINT WARNING * * *
Natasha casts a spell at you.
You feel yourself slow down.
Your magical contamination has completely faded away.
Found a fizzy brown potion.
The crimson imp hits you but does no damage.
The crimson imp disappears in a puff of smoke!
Natasha stares at you and mumbles some strange words.
You feel as though you will be slow longer.
Casting: Foxfire (safe; 14% risk of failure)
Press: ? - help, Q - select action, (/) - cycle Dir - look around, f - activate You miscast Foxfire.
You are very lightly contaminated with residual magic.
Nothing appears to happen.
Natasha stares at you and mumbles some strange words.
The magic dart hits you!
* * * LOW HITPOINT WARNING * * *
You don't have enough magic to cast this spell.
Unknown command.
Unknown command.
You aren't carrying any items that you can evoke.
Unknown command.
It was a potion of degeneration.
There was something very wrong with that liquid.
You feel weakened.
You feel dopey.
You feel clumsy.
Natasha howls an incantation.
Natasha shimmers violently.
Natasha closely misses you.
You closely miss Natasha.
Natasha is almost dead.
Natasha stares at you and mumbles some strange words.
The magic dart hits you!
You die...

###.####.<.
#.........# ####
#..!......# #
......... ####
....... #.###...
.......# #.......
... ..# #.......
#.# #.# #.......
#@# #.# ##.......
#h# #.# #.........
#.# #.##..#.......
#.###.#..##.......
######.#§....#
##......
..........#.###
##....)
.......†..#.#
####..
..........#.#
####.#
..........#.#
#....#


You could see Natasha.

Vanquished Creatures
  Natasha (D:2)
  3 gnolls
  2 adders (D:2)
  6 ball pythons
  An endoplasm (D:1)
  2 giant cockroaches
  6 goblins
  A hobgoblin (D:2)
  A bat (D:1)
  2 frilled lizards (D:1)
  A kobold (D:1)
  A toadstool (D:1)
27 creatures vanquished.

Vanquished Creatures (others)
  59 foxfires (D:2)
  3 toadstools (D:1)
62 creatures vanquished.

Grand Total: 89 creatures vanquished

Notes
Turn   | Place    | Note
-------+----------+-------------------------------------------
     0 | D:1      | SnakkuSnakku7 the Vampire Fire Elementalist began the quest
                  | for the Orb.
     0 | D:1      | Reached XP level 1. HP: 13/13 MP: 3/3
   117 | D:1      | Reached skill level 1 in Unarmed Combat
   306 | D:1      | Reached XP level 2. HP: 13/19 MP: 5/5
   381 | D:1      | Found a faded altar of an unknown god.
   696 | D:2      | Reached skill level 1 in Throwing
   897 | D:2      | Gained mutation: You are afflicted with vampirism and can
                  | become a bat while bloodless. [Vampire growth]
   897 | D:2      | Reached XP level 3. HP: 20/24 MP: 3/6
   943 | D:2      | Noticed Natasha
   948 | D:2      | Killed Natasha
  1022 | D:2      | Reached XP level 4. HP: 30/30 MP: 3/7
  1310 | D:2      | Noticed Natasha
  1338 | D:2      | Killed from afar by Natasha

Illustrated notes

Levels and vault maps discovered:
D:1:      ldierk_water_garden, layout_loops_ring,
          chequers_ecumenical_altar_twisty, fountainhead, minmay_tetromino_l4
D:2:      layout_rooms, uniq_natasha

Skill      XL: |  1  2  3 |
---------------+----------+-----
Unarmed Combat | 1 2 3 |  3.4
Throwing       | 1 2 |  2.0
Dodging        | |  2.1
Stealth        | |  3.0
Spellcasting   | |  2.0
Conjurations   | |  0.6
Fire Magic     | |  2.4

Action                   |  1- 3 |  4- 6 || total
-------------------------+-------+-------++-------
Melee: Unarmed           |    97 |    20 ||   117
       Bite              |     7 |     1 ||     8
       Punch             |     2 |     1 ||     3
 Cast: Foxfire           |    21 |    12 ||    33
  Use: Potion            |       |     1 ||     1
 Stab: Sleeping          |     2 |       ||     2
Armor: Robe              |    16 |       ||    16
       Leather armour    |     7 |     9 ||    16
Dodge: Dodged            |    64 |    13 ||    77
